 Dungeon Crawl Stone Soup version 0.25-a0-665-ga69d64035b (webtiles) character file.

Game seed: 8574905604140016493, levelgen mode: deterministic

3895 kae the Zephyrmancer (level 10, -27/50 HPs)
             Began as a Tengu Air Elementalist on Mar 26, 2020.
             Was a Priest of Vehumet.
             Annihilated by a komodo dragon (33 damage)
             ... on level 9 of the Dungeon.
             The game lasted 00:13:43 (11185 turns).

kae the Zephyrmancer (Tengu Air Elementalist)      Turns: 11185, Time: 00:13:44

Health: -27/50     AC:  6    Str:  9    XL:     10   Next: 20%
Magic:  6/20       EV: 15    Int: 19    God:    Vehumet [***...]
Gold:   455        SH:  0    Dex: 14    Spells: 3/21 levels left

rFire    . . .     SeeInvis +   b - +3 whip (elec)
rCold    . . .     Gourm    +   (no shield)
rNeg     . . .     Faith    .   a - +1 robe
rPois    .         Spirit   .   (helmet restricted)
rElec    .         Reflect  .   s - +2 cloak
rCorr    .         Harm     .   (no gloves)
MR       .....                  (boots unavailable)
Stlth    ++........             r - amulet of the gourmand
HPRegen  0.16/turn              d - ring of see invisible
MPRegen  0.17/turn              n - ring of wizardry

@: flying quickly and evasively, quick
A: beak, talons 3, able to fly
a: Stop Flying, Renounce Religion


You were on level 9 of the Dungeon.
You worshipped Vehumet.
Vehumet was most pleased with you.
You were not hungry.

You visited 2 branches of the dungeon, and saw 10 of its levels.

You collected 455 gold pieces.

Inventory:

Hand Weapons
 b - a +3 whip of electrocution (weapon)
Armour
 a - a +1 robe (worn)
 s - a +2 cloak (worn)
Jewellery
 d - a ring of see invisible (left hand)
 n - a ring of wizardry (right hand)
 r - an amulet of the gourmand (around neck)
Wands
 j - a wand of disintegration (14)
Scrolls
 g - a scroll of enchant armour
 h - a scroll of vulnerability
 i - 5 scrolls of remove curse
 p - 4 scrolls of fog
Potions
 e - 3 potions of brilliance
 f - 2 potions of curing
 k - 2 potions of haste
 l - 2 potions of ambrosia
 m - 2 potions of heal wounds
 o - a potion of lignification {unknown}
 q - 2 potions of stabbing
 v - a potion of flight
Comestibles
 c - 6 rations


   Skills:
 - Level 2.1 Dodging
 - Level 2.0 Stealth
 + Level 6.1 Spellcasting
 * Level 12.0 Conjurations
 * Level 12.0 Air Magic


You had 3 spell levels left.
You knew the following spells:

 Your Spells              Type           Power        Failure   Level  Hunger
a - Shock                 Conj/Air       ####         1%          1    None
b - Static Discharge      Conj/Air       ######..     1%          3    ##.....
c - Airstrike             Air            ######....   1%          4    ####...
d - Swiftness             Chrm/Air       ####....     1%          2    None
e - Lightning Bolt        Conj/Air       ######....   1%          5    #####..
f - Frozen Ramparts       Ice            #.....       4%          3    ##.....

Your spell library contained the following spells:

 Spells                   Type           Power        Failure   Level  Hunger


Dungeon Overview and Level Annotations

Branches:
Dungeon (9/15)             Temple (1/1) D:6
   Lair: D:8-11         Orc: D:9-12

Altars:
Ashenzari
Cheibriados
Dithmenos
Elyvilon
Fedhas
Gozag
Hepliaklqana
Kikubaaqudgha
Makhleb
Okawaru
Qazlal
Ru
Sif Muna
Trog
Vehumet
Wu Jian
Xom
Yredelemnul
Zin
The Shining One

Shops:
D:4 *   D:6 ::


Innate Abilities, Weirdness & Mutations

You have a beak for a mouth.
You have claws for feet.
You can fly continuously.


Message History

Casting: Airstrike (safe; 1% risk of failure)
Confirm with . or Enter, or press ? or * to list all spells.
Aiming: Airstrike (safe; 1% risk of failure)
Press: ? - help, Dir - move target cursor, f - komodo dragon
Aim: a komodo dragon The air twists around and strikes the komodo dragon!
The komodo dragon is lightly wounded.
The komodo dragon bites you!!
Casting: Airstrike (safe; 1% risk of failure)
Confirm with . or Enter, or press ? or * to list all spells.
The komodo dragon is struck by an arc of lightning.
The komodo dragon is moderately wounded.
You are struck by an arc of lightning.
The komodo dragon is struck by an arc of lightning!
The komodo dragon is heavily wounded.
The lightning grounds out.
The komodo dragon bites you!!
* * * LOW HITPOINT WARNING * * *
The komodo dragon bites you!!
Ouch! That really hurt!
You die...

#####+##
#.:.../#
+......#
#..<...#
#...l..#
#.)@...+
#......#
########


You could see a komodo dragon.

Vanquished Creatures
  Pikel (D:5)
  2 hippogriffs (D:8)
  Sigmund (D:3)
  2 hungry ghosts (D:8)
  An ice beast (D:7)
  A black bear (D:6)
  A sky beast (D:5)
  3 slaves
  A phantom (D:8)
  An ogre (D:8)
  A centaur (D:8)
  A big kobold (D:8)
  5 bullfrogs
  A wyvern skeleton (D:9)
  2 scorpions (D:5)
  3 killer bees (D:7)
  4 wights (D:6)
  4 crimson imps
  5 hounds
  4 jellies
  Crazy Yiuf (D:4)
  An orc wizard (D:4)
  4 bullfrog skeletons
  Ijyb (D:5)
  6 iguanas
  7 worker ants
  A worker ant zombie (D:2)
  11 gnolls
  8 adders
  5 adder skeletons
  5 worms
  2 dart slugs (D:3)
  5 leopard geckos
  10 orcs
  3 ball pythons
  6 bats
  2 bat skeletons (D:2)
  12 giant cockroaches
  7 hobgoblins
  9 jackals
  19 kobolds
  6 quokkas
  13 frilled lizards
  8 goblins
  A jackal zombie (D:2)
  A leopard gecko zombie (D:3)
  9 rats
207 creatures vanquished.

Notes
Turn   | Place    | Note
-------+----------+-------------------------------------------
     0 | D:1      | kae the Tengu Air Elementalist began the quest for the Orb.
     0 | D:1      | Reached XP level 1. HP: 10/10 MP: 4/4
   105 | D:1      | Reached XP level 2. HP: 15/15 MP: 3/6
   469 | D:1      | Reached XP level 3. HP: 3/19 MP: 2/7
  1918 | D:2      | Reached skill level 5 in Air Magic
  1951 | D:2      | Found a white marble altar of Elyvilon.
  1954 | D:2      | Found a sacrificial altar of Ru.
  1954 | D:2      | Found a bloodstained altar of Trog.
  1966 | D:2      | Reached XP level 4. HP: 24/24 MP: 0/8
  2796 | D:2      | Gained mutation: You can fly continuously. [Tengu growth]
  2796 | D:2      | Reached XP level 5. HP: 27/28 MP: 1/10
  3381 | D:3      | You fall into a shaft and drop 3 floors!
  3426 | D:6      | Found a staircase to the Ecumenical Temple.
  3430 | D:6      | Noticed a black bear
  3435 | Temple   | Entered the Ecumenical Temple
  3443 | Temple   | Became a worshipper of Vehumet
  3682 | Temple   | Learned a level 3 spell: Static Discharge
  3687 | Temple   | Learned a level 4 spell: Airstrike
  3690 | Temple   | Learned a level 2 spell: Swiftness
  3793 | D:6      | Reached skill level 5 in Conjurations
  3978 | D:6      | Noticed a slave
  3997 | D:6      | Reached XP level 6. HP: 32/32 MP: 4/11
  4131 | D:6      | Found Ygyimaet's Book Boutique.
  4320 | D:6      | Reached XP level 7. HP: 14/36 MP: 0/13
  4386 | D:5      | Entered Level 5 of the Dungeon
  5123 | D:5      | Noticed Ijyb
  5132 | D:5      | Killed Ijyb
  5463 | D:5      | Reached XP level 8. HP: 41/41 MP: 8/15
  5558 | D:5      | Found a shimmering blue altar of Sif Muna.
  5976 | D:6      | Noticed Pikel
  6040 | D:4      | Reached * piety under Vehumet
  6040 | D:4      | Offered knowledge of Magic Dart by Vehumet.
  6583 | D:3      | Noticed Sigmund
  6586 | D:3      | Killed Sigmund
  6850 | D:3      | Reached ** piety under Vehumet
  6850 | D:3      | Offered knowledge of Foxfire by Vehumet.
  7249 | D:3      | Found a hazy altar of Hepliaklqana.
  7396 | D:4      | Found an ancient bone altar of Kikubaaqudgha.
  7468 | D:4      | Found a blossoming altar of Fedhas.
  7539 | D:4      | Found Egost's Lightly-Used Armoury.
  7621 | D:4      | Found a runed translucent door.
  7622 | D:4      | Noticed Crazy Yiuf
  7854 | D:4      | Killed Crazy Yiuf
  8255 | D:6      | Found a shattered altar of Ashenzari.
  8265 | D:6      | Found a shadowy altar of Dithmenos.
  8485 | D:5      | Killed Pikel
  8485 | D:5      | Reached skill level 5 in Spellcasting
  8485 | D:5      | Reached skill level 10 in Conjurations
  8485 | D:5      | Reached skill level 10 in Air Magic
  8485 | D:5      | Reached XP level 9. HP: 32/45 MP: 4/17
  8763 | D:6      | Found Yxaik's Book Emporium.
  8869 | D:7      | Offered knowledge of Frozen Ramparts by Vehumet.
  9147 | D:7      | Learned a level 5 spell: Lightning Bolt
  9151 | D:7      | Learned a level 3 spell: Frozen Ramparts
  9171 | D:7      | Found an opulent altar of Gozag.
 10221 | D:8      | Reached *** piety under Vehumet
 10224 | D:8      | Reached XP level 10. HP: 24/50 MP: 6/19
 10886 | D:8      | Found a snail-covered altar of Cheibriados.
 11185 | D:9      | Annihilated by a komodo dragon

Levels and vault maps discovered:
D:1:      dpeg_arrival_rooms_b, layout_basic, serial_forest,
          infiniplex_forest_zigzag_1, infiniplex_forest_lined_2,
          infiniplex_forest_3_way, infiniplex_forest_corner_1,
          infiniplex_forest_lined_2, infiniplex_forest_straight_2,
          infiniplex_forest_end_1, infiniplex_forest_clump_long,
          hangedman_decor_clover_reticule
D:2:      layout_loops_corners, gammafunk_temple_overflow_forgotten,
          serial_undead, serial_undead_a, serial_undead_d, serial_undead_d,
          serial_undead_a, kennysheep_doodads
D:3:      layout_basic, lemuel_crystal_altar, uniq_sigmund
D:4:      layout_rooms, lemuel_crystal_altar, kiku_gazebo_pond_becter,
          first_ration, minmay_shop_damaged, uniq_crazy_yiuf_cottage
D:5:      layout_basic, kennysheep_mini, uniq_ijyb
D:6:      layout_cave_pools, amethyst_overflow_temple_binary,
          minmay_temple_entry_drinking_statues, serial_shops,
          nicolae_shop_crystal, kennysheep_little_box, uniq_pikel
D:7:      layout_loops_ring, grunt_gozag_breadcrumbs
D:8:      layout_loops_ring, lemuel_doored_altar
D:9:      layout_roguey, eat_drink_and_be_merry_uskayaw,
          nemelex_xobeh_ov_fountains_minmay, lair_entry_dummy,
          hiddenorc1_lemuel, serial_shops, shop, hangedman_tell_no_tales
Temple:   compressed_dpeg_triangle_lava_temple

Skill      XL: |  1  2  3  4  5  6  7  8  9 10 |
---------------+-------------------------------+-----
Conjurations   | 2 3 4 5 6 7 10 11 12 | 12.0
Air Magic      | 5 6 7 10 11 12 | 12.0
Spellcasting   | 3 4 5 6 |  6.1
Dodging        | |  2.1
Stealth        | |  2.0

Action                   |  1- 3 |  4- 6 |  7- 9 | 10-12 || total
-------------------------+-------+-------+-------+-------++-------
Melee: Unarmed           |    32 |    13 |    10 |       ||    55
       Kick              |     8 |     6 |     9 |     5 ||    28
       Peck              |     5 |     4 |     6 |     2 ||    17
       Whip              |       |       |    21 |    27 ||    48
 Cast: Shock             |    80 |   115 |   277 |    19 ||   491
       Static Discharge  |       |     5 |    22 |     3 ||    30
       Airstrike         |       |       |    20 |    10 ||    30
       Swiftness         |       |       |     6 |       ||     6
 Abil: Fly               |       |       |     1 |       ||     1
  Use: Scroll            |     4 |     1 |    14 |     1 ||    20
       Potion            |       |       |     4 |       ||     4
  Eat: Chunk             |     3 |     5 |    13 |       ||    21
       Ration            |       |     1 |     3 |     2 ||     6
Armor: Robe              |    12 |     9 |    25 |     8 ||    54
Dodge: Dodged            |    27 |    28 |    97 |    27 ||   179

Table legend:
 A = Non-vault XP
 B = Vault XP
 C = Vault XP percentage of total XP
 D = Non-vault monster count
 E = Vault monster count
 F = Vault count percentage of total count
                 A         B        C        D         E       F
            +---------+---------+-------+---------+---------+-------
      Total |    4529 |    1036 |  18.6 |     193 |      11 |   5.4
            +---------+---------+-------+---------+---------+-------
        D:1 |      62 |       0 |   0.0 |      31 |       0 |   0.0
        D:2 |     101 |      37 |  26.8 |      36 |       7 |  16.3
        D:3 |     198 |     238 |  54.6 |      27 |       1 |   3.6
        D:4 |     288 |      40 |  12.2 |      22 |       1 |   4.3
        D:5 |     652 |     721 |  52.5 |      17 |       2 |  10.5
        D:6 |     673 |       0 |   0.0 |      14 |       0 |   0.0
        D:7 |     914 |       0 |   0.0 |      21 |       0 |   0.0
        D:8 |    1565 |       0 |   0.0 |      24 |       0 |   0.0
        D:9 |      76 |       0 |   0.0 |       1 |       0 |   0.0
            +---------+---------+-------+---------+---------+-------
